 Dungeon Crawl Stone Soup version 0.24.0-13-gcf9b3192b9 (webtiles) character file.

Game seed: 8768623960328261335, levelgen mode: deterministic

189 Acheron the Grave Robber (level 5, -5/29 HPs)
             Began as a Gargoyle Necromancer on Nov 6, 2019.
             Blown up by Ijyb (16 damage)
             ... with a disintegration bolt
             ... on level 5 of the Dungeon.
             The game lasted 00:27:53 (4495 turns).

Acheron the Grave Robber (Gargoyle Necromancer)     Turns: 4495, Time: 00:27:53

Health: -5/29      AC:  7    Str: 11    XL:     5   Next: 68%
Magic:  9/9        EV: 11    Int: 16    God:
Gold:   105        SH:  0    Dex: 11    Spells: 2/10 levels left

rFire    . . .     SeeInvis .   o - +0 hand axe
rCold    . . .     Gourm    .   (no shield)
rNeg     + . .     Faith    .   u - +0 leather armour {rPois}
rPois    ∞         Spirit   .   (no helmet)
rElec    +         Reflect  .   (no cloak)
rCorr    .         Harm     .   (no gloves)
MR       .....                  (no boots)
Stlth    ++........             (no amulet)
HPRegen  0.09/turn              (no ring)
MPRegen  0.11/turn              (no ring)

@: no status effects
A: negative energy resistance 1, electricity resistance, unbreathing,
petrification resistance, rot immunity, AC +4
a: no special abilities


You were on level 5 of the Dungeon.
You were not hungry.

You visited 1 branch of the dungeon, and saw 5 of its levels.

You collected 105 gold pieces.

Inventory:

Hand Weapons
 h - a +0 flail
 o - a +0 hand axe (weapon)
 w - a +0 short sword
Missiles
 g - 58 sling bullets
 n - 83 stones (quivered)
Armour
 u - a +0 leather armour of poison resistance (worn)
 v - a +0 ring mail
 x - a +1 pair of gloves
Jewellery
 l - an uncursed ring of protection from magic {unknown}
 y - an uncursed ring of protection from cold {unknown}
Wands
 d - a wand of digging (3)
Scrolls
 b - 4 scrolls of identify
 i - 2 scrolls of amnesia
Potions
 e - 2 potions of curing
 f - 2 potions of magic {unknown}
 k - a potion of berserk rage {unknown}
 m - a potion of flight {unknown}
 p - a potion of mutation {unknown}
 q - a potion of agility {unknown}
 r - a potion of haste {unknown}
 s - 2 potions of lignification {unknown}
 t - a potion of ambrosia {unknown}
 z - 3 potions of invisibility {unknown}
Comestibles
 c - 6 rations


   Skills:
 * Level 1.1 Fighting
 * Level 1.0 Short Blades
 * Level 0.1 Axes
 + Level 0.1 Maces & Flails
 * Level 0.1 Throwing
 * Level 1.4 Armour
 * Level 1.9 Dodging
 * Level 3.0 Stealth
 * Level 3.1 Spellcasting
 * Level 4.0 Necromancy
 * Level 0.4 Evocations


You had 2 spell levels left.
You knew the following spells:

 Your Spells              Type           Power        Failure   Level  Hunger
a - Pain                  Necr           ###.         4%          1    #......
b - Animate Skeleton      Necr           N/A          4%          1    #......
c - Regeneration          Chrm/Necr      #.........   32%         3    ###....
d - Vampiric Draining     Necr           ###.......   14%         3    ###....

Your spell library contained the following spells:

 Spells                   Type           Power        Failure   Level  Hunger
 Animate Dead             Necr           N/A          41%         4    #####..


Dungeon Overview and Level Annotations

Branches:
Dungeon (5/15)
 Temple: D:4-7

Altars:
Okawaru

Annotations:
D:3 exclusion: 2 downstairs
D:4 Blork the orc
D:5 exclusion: upstairs, Ijyb


Innate Abilities, Weirdness & Mutations

You are resistant to torment.
Your stone body is resilient. (AC +4)
You are immune to poison.
You resist negative energy. (rN+)
You are resistant to electric shocks. (rElec)
You can survive without breathing.
You are immune to petrification.
You are immune to rotting.


Message History

* * * LOW HITPOINT WARNING * * *
The gnoll hits you but does no damage.
You hit the gnoll.
You kill the gnoll!
You see here a +0 spear.
You start resting.
Some of the chunks of flesh in your inventory have rotted away.
All of the chunks of flesh in your inventory have rotted away.
HP restored.
There is a stone staircase leading up here.
Found a ration.
c - 6 rations (gained 1)
Found a stone staircase leading down.
Ijyb the Twisted Goblin comes into view.
She is carrying a wand of disintegration (17).
Ijyb shouts!
Ijyb zaps a wand.
You are blasted!
Ouch! That really hurt!
Ijyb zaps a wand.
You are blasted!
Ouch! That really hurt!
You die...

#...# #...#
###...###
#.......####
#.
#..........#
#g
#.......##.#
#.
###....###.#
#g #...(#
#.# #.
####.# #@#
#g #.# #.#
#.### #.#
#.# #...#
#.# #.#
###.######.#
#.#
#..).).<..#
#.#
#..########
#g# #..# #.#
#..# #.#


You could see Ijyb.

Vanquished Creatures
  An orc wizard (D:2)
  Terence (D:3)
  Jessica (D:3)
  3 gnolls
  2 adders
  An ooze (D:1)
  A worm (D:2)
  A dart slug (D:1)
  2 leopard geckos
  5 orcs
  2 bats
  3 goblins
  4 hobgoblins
  4 jackals (D:1)
  10 kobolds
  A ball python (D:2)
  6 frilled lizards
  3 rats
51 creatures vanquished.

Vanquished Creatures (collateral kills)
  A worm (D:4)
  A leopard gecko (D:3)
  An orc (D:2)
  A giant cockroach (D:4)
  A quokka (D:3)
  A kobold (D:1)
6 creatures vanquished.

Grand Total: 57 creatures vanquished

Notes
Turn   | Place    | Note
-------+----------+-------------------------------------------
     0 | D:1      | Acheron the Gargoyle Necromancer began the quest for the
                  | Orb.
     0 | D:1      | Reached XP level 1. HP: 10/10 MP: 3/3
    70 | D:3      | Reached XP level 2. HP: 13/15 MP: 1/5
    77 | D:3      | Learned a level 1 spell: Animate Skeleton
   463 | D:2      | Found an iron altar of Okawaru.
   876 | D:3      | Reached skill level 1 in Armour
   876 | D:3      | Reached XP level 3. HP: 13/20 MP: 2/6
  1287 | D:3      | Noticed Terence
  1483 | D:3      | Killed Terence
  1878 | D:3      | Reached XP level 4. HP: 22/24 MP: 3/7
  1990 | D:3      | Noticed Jessica
  2022 | D:3      | Killed Jessica
  2419 | D:2      | Learned a level 3 spell: Vampiric Draining
  2619 | D:2      | Reached skill level 1 in Fighting
  2619 | D:2      | Reached XP level 5. HP: 25/29 MP: 3/9
  3206 | D:1      | Reached skill level 4 in Necromancy
  3825 | D:4      | Noticed Blork the orc
  4119 | D:4      | Learned a level 3 spell: Regeneration
  4137 | D:5      | Entered Level 5 of the Dungeon
  4163 | D:4      | Reached skill level 1 in Short Blades
  4490 | D:5      | Noticed Ijyb
  4495 | D:5      | Blown up by Ijyb

Levels and vault maps discovered:
D:1:      matt_arrival_diagonals, layout_loops_ring
D:2:      layout_basic, okawaru_trees_2
D:3:      layout_loops_ring, kennysheep_jessica_study, uniq_terence,
          uniq_jessica
D:4:      layout_basic, cheibriados_altar_1, grunt_dithmenos_smoke,
          minmay_temple_entry_mini_moons, chequers_jeans, uniq_blork_the_orc
D:5:      layout_loops_ring, nicolae_overflow_hidden_temple, first_ration,
          uniq_menkaure, uniq_eustachio, uniq_ijyb, uniq_grinder

Skill      XL: |  1  2  3  4  5 |
---------------+----------------+-----
Armour         | 1 |  1.4
Fighting       | 1 |  1.1
Spellcasting   | 3 |  3.1
Necromancy     | 4 |  4.0
Short Blades   | 1 |  1.0
Stealth        | 3 |  3.0
Axes           | |  0.1
Maces & Flails | |  0.1
Throwing       | |  0.1
Dodging        | |  1.9
Evocations     | |  0.4

Action                   |  1- 3 |  4- 6 || total
-------------------------+-------+-------++-------
Melee: Dagger            |    75 |    27 ||   102
       Short sword       |       |    50 ||    50
       Hand axe          |       |    19 ||    19
 Cast: Pain              |    34 |    45 ||    79
       Animate Skeleton  |    10 |    16 ||    26
  Use: Scroll            |     1 |     2 ||     3
 Stab: Distracted        |     1 |     1 ||     2
  Eat: Chunk             |     3 |     6 ||     9
       Ration            |       |     1 ||     1
Armor: Robe              |    13 |    37 ||    50
       Leather armour    |       |    10 ||    10
Dodge: Dodged            |    47 |    83 ||   130
